 Dungeon Crawl Stone Soup version 0.30.1-9-gdf580d7c3d (webtiles) character file.

Game seed: 8229078387283626203

294 lonewolfV2 the Trooper (level 6, 0/53 HPs)
             Began as a Demonspawn Fighter on Oct 23, 2023.
             Killed from afar by an orc wizard (5 damage)
             ... with a magic dart
             ... on level 3 of the Dungeon.
             The game lasted 00:04:52 (2057 turns).

lonewolfV2 the Trooper (Demonspawn Fighter)         Turns: 2057, Time: 00:04:52

Health: 0/53       AC:  6    Str: 19    XL:     6   Next: 11%
Magic:  6/6        EV: 10    Int:  9    God:
Gold:   145        SH:  4    Dex: 12    Spells: 5/5 levels left

rFire   . . .        a - +0 war axe
rCold   + . .        c - +0 buckler
rNeg    . . .        f - +0 scale mail
rPois   +            (no helmet)
rElec   .            (no cloak)
rCorr   .            (no gloves)
SInv    .            (no boots)
Will    .....        (no amulet)
Stlth   +            i - ring of poison resistance
HPRegen 0.28/turn    l - ring of protection from cold
MPRegen 0.10/turn

%: no passive effects
@: no status effects
A: sturdy frame 2, condensation shield
a: no special abilities


You were on level 3 of the Dungeon.
You visited 1 branch of the dungeon, and saw 3 of its levels.

You collected 145 gold pieces.

Inventory:

Hand Weapons
 a - a +0 war axe (weapon)
Armour
 c - a +0 buckler (worn)
 f - a +0 scale mail (worn)
Jewellery
 i - a ring of poison resistance (left hand)
 l - a ring of protection from cold (right hand)
Scrolls
 b - a scroll of identify
Potions
 e - 2 potions of flight
 h - a potion of haste
 j - a potion of attraction


   Skills:
 + Level 6.6 Fighting
 - Level 2.0 Axes
 - Level 2.8 Armour
 - Level 2.8 Shields


You had 5 spell levels left.
You didn't know any spells.
Your spell library contained the following spells:

 Spells                   Type           Power      Damage    Failure   Level
 Passage of Golubria      Tloc           0%         N/A       100%        4
 Silence                  Hex/Air        0%         N/A       100%        5
 Lehudib's Crystal Spear  Conj/Erth      0%         10d2      100%        8


Dungeon Overview and Level Annotations

Branches:
Dungeon (3/15)

Altars:


Innate Abilities, Weirdness & Mutations

Your movements are less encumbered by armour. (ER -4)
A meltable shield of frost defends you. (SH +0)


Message History

The orc wizard is lightly wounded.
You slash the orc!
You kill the orc!
You block the orc wizard's attack.
You barely miss the orc wizard.
The orc wizard is lightly wounded.
The orc wizard gestures wildly while chanting.
The orc wizard flickers and vanishes!
Deactivating autopickup; reactivate with Ctrl-A.
You hear some strange, mumbled words.
A puff of flame appears from out of thin air!
The puff of flame hits you!
You hit something but do no damage. Something hits you but does no damage.
You barely miss something. Something hits you but does no damage.
You hear some strange, mumbled words.
A magic dart appears from out of thin air!
The magic dart hits you.
You closely miss something. Something hits you but does no damage.
You hit something. Something hits you.
* * * LOW HITPOINT WARNING * * *
Something hits you.
* * * LOW HITPOINT WARNING * * *
You hit something.
You hear some strange, mumbled words.
A magic dart appears from out of thin air!
The magic dart hits you.
* * * LOW HITPOINT WARNING * * *
You slash something! Something hits you but does no damage.
You completely miss something.
Something hits you but does no damage. x2
You barely miss something. Something hits you.
* * * LOW HITPOINT WARNING * * *
You barely miss something. Something hits you.
* * * LOW HITPOINT WARNING * * *
Something hits you.
* * * LOW HITPOINT WARNING * * *
You hit something but do no damage.
You hear some strange, mumbled words.
A magic dart appears from out of thin air!
The magic dart hits you.
You die...

*#######..####+#####.# #.#
,.................##.# #.#
#########.####.##.##†# #.#
<# #.....#,##'##.#####.#
.#######.##..#,#...........#
.........#*#.#.#...........#
##########*#.#.#...........#
*,*,*,+,#.....))).......#
*,,,,,*,#.#.#@{.........#
**,,***,*...#†..........#
*,,,,*,,#.**#...........#
*,,****,#,* #(..........#
*******,*,,*,* #.$.........#
,,,,,,,,,,,*,**#...........#
,,**********,,,......######*
,,* *,,.####..# ,,*
***,****.^#


There were no monsters in sight!

Vanquished Creatures
  Sigmund (D:2)
  Ijyb (D:3)
  Robin (D:2)
  2 adders (D:2)
  3 dart slugs
  4 orcs (D:3)
  4 ball pythons
  A bat (D:1)
  2 endoplasms
  2 giant cockroaches
  16 goblins
  6 hobgoblins
  4 jackals (D:1)
  6 kobolds
  4 quokkas
  2 frilled lizards (D:3)
  4 rats
63 creatures vanquished.

Notes
Turn   | Place    | Note
-------+----------+-------------------------------------------
     0 | D:1      | lonewolfV2 the Demonspawn Fighter began the quest for the
                  | Orb.
     0 | D:1      | Reached XP level 1. HP: 18/18 MP: 1/1
   192 | D:1      | Gained mutation: A meltable shield of frost defends you.
                  | (SH +0) [demonic ancestry]
   192 | D:1      | Reached XP level 2. HP: 21/24 MP: 2/2
   762 | D:2      | Gained mutation: Your movements are slightly less
                  | encumbered by armour. (ER -2) [demonic ancestry]
   762 | D:2      | Reached XP level 3. HP: 22/30 MP: 3/3
   939 | D:2      | Reached skill level 4 in Fighting
  1213 | D:2      | Noticed Robin
  1232 | D:2      | Reached XP level 4. HP: 15/38 MP: 4/4
  1237 | D:2      | Killed Robin
  1656 | D:2      | Noticed Sigmund
  1667 | D:2      | Killed Sigmund
  1668 | D:2      | Reached skill level 6 in Fighting
  1668 | D:2      | Gained mutation: Your movements are less encumbered by
                  | armour. (ER -4) [demonic ancestry]
  1668 | D:2      | Reached XP level 5. HP: 42/47 MP: 5/5
  1798 | D:3      | Noticed Ijyb
  1829 | D:3      | Killed Ijyb
  1830 | D:3      | Reached XP level 6. HP: 34/53 MP: 6/6
  1970 | D:3      | Noticed an orc warrior
  2057 | D:3      | Killed from afar by an orc wizard

Illustrated notes

Levels and vault maps discovered:
D:1:      dpeg_arrival_round_b, layout_loops_ring, serial_glass,
          glass_columns_c, glass_columns_b
D:2:      layout_basic, minmay_octomino_e4, uniq_sigmund, uniq_robin
D:3:      minmay_wonky_spiral, layout_basic, cheibrodos_sewer_entry_drain,
          lightli_corner_chamber, uniq_ijyb, uniq_terence, uniq_natasha

Skill      XL: |  1  2  3  4 |
---------------+-------------+-----
Axes           | 2 |  2.0
Fighting       | 4 6 |  6.6
Armour         | |  2.8
Shields        | |  2.8

Action                     |  1- 3 |  4- 6 || total
---------------------------+-------+-------++-------
  Melee: War axe           |    77 |    93 ||   170
    Use: Scroll            |     1 |     5 ||     6
         Potion            |     1 |     7 ||     8
   Stab: Invisible         |       |     2 ||     2
 Armour: Scale mail        |    37 |    45 ||    82
  Dodge: Dodged            |    26 |    51 ||    77
  Block: Buckler           |    45 |    32 ||    77
